 Seeded DCSS version 0.29.1-12-g30fa7ad0bf (webtiles) character file.

Game seed: 12805854527216459668 (custom seed)

48707 retardedninja the Fencer (level 14, -5/124 HPs)
             Began as a Minotaur Fighter on Dec 16, 2022.
             Was an Initiate of Gozag.
             Slain by a tengu warrior
             ... wielding a +0 battleaxe
              (6 damage)
             ... on level 12 of the Dungeon.
             The game lasted 00:29:58 (25005 turns).

retardedninja the Fencer (Minotaur Fighter)        Turns: 25005, Time: 00:30:00

Health: -5/124     AC: 31    Str: 26    XL:     14   Next: 13%
Magic:  13/13      EV:  7    Int:  5    God:    Gozag
Gold:   2932       SH: 22    Dex: 20    Spells: 13/13 levels left

rFire   . . .      SeeInvis .   s - +6 long sword of Lolacotypp {drain, Dex+5}
rCold   + . .      Faith    .   p - +1 tower shield {rC+}
rNeg    . . .      Spirit   .   j - +2 plate armour
rPois   .          Reflect  .   v - +1 hat
rElec   .          Harm     .   r - +1 cloak
rCorr   .          Rampage  .   (no gloves)
Will    +....                   H - +0 pair of boots
Stlth   ..........              y - amulet of the acrobat
HPRegen 0.30/turn               I - ring "Rawuorch" {AC+4 Dex+5}
MPRegen 0.13/turn               m - +4 ring of protection

@: about to teleport, on berserk cooldown, slowed, very slow
A: horns 2, retaliatory headbutt
a: Renounce Religion, Potion Petition, Call Merchant, Bribe Branch


You were on level 12 of the Dungeon.
You worshipped Gozag.
Gozag was most pleased with you.
You visited 3 branches of the dungeon, and saw 18 of its levels.

You collected 4825 gold pieces.
You paid 1893 gold pieces to Gozag.

Inventory:

Hand Weapons
 s - the +6 long sword of Lolacotypp (weapon) {drain, Dex+5}
   (You found it on level 5 of the Dungeon)

   A truly terrible weapon, it drains the life of any living foe it strikes.
   Dex:       It affects your dexterity (+5).
Missiles
 E - 2 boomerangs of dispersal (quivered)
Armour
 j - a +2 plate armour (worn)
 p - a +1 tower shield of cold resistance (worn)
 r - a +1 cloak (worn)
 v - a +1 hat (worn)
 H - a +0 pair of boots (worn)
Jewellery
 m - a +4 ring of protection (right hand)
 y - an amulet of the acrobat (around neck)
 I - the ring "Rawuorch" (left hand) {AC+4 Dex+5}
   (You found it on level 2 of the Lair of Beasts)

   [ring of protection]

   AC:        It affects your AC (+4).
   Dex:       It affects your dexterity (+5).
Wands
 a - a wand of mindburst (6)
 e - a wand of roots (24)
 k - a wand of charming (17)
 l - a wand of polymorph (6)
 n - a wand of flame (29)
 w - a wand of light (3)
Scrolls
 c - 2 scrolls of noise {unknown}
 g - 2 scrolls of butterflies
 h - 5 scrolls of vulnerability
 i - 5 scrolls of teleportation
 q - 2 scrolls of amnesia
 x - 5 scrolls of poison
 C - 2 scrolls of silence
 K - 7 scrolls of identify
Potions
 b - a potion of attraction
 d - a potion of resistance {unknown}
 o - 4 potions of lignification
 t - 6 potions of flight
 u - a potion of cancellation
 z - a potion of mutation
 B - 2 potions of curing
 F - a potion of brilliance
Miscellaneous
 D - a phantom mirror


   Skills:
 + Level 11.5 Fighting
 * Level 17.4 Long Blades
 + Level 13.1 Armour
 - Level 1.0 Dodging
 + Level 3.4 Stealth
 + Level 17.0 Shields


You had 13 spell levels left.
You didn't know any spells.
Your spell library contained the following spells:

 Spells                   Type           Power      Damage    Failure   Level
 Magic Dart               Conj           0%         1d3       100%        1
 Sting                    Tmut/Pois      0%         1d3       100%        1
 Call Imp                 Summ           0%         N/A       100%        2
 Ensorcelled Hibernation  Hex/Ice        0%         N/A       100%        2
 Passwall                 Tmut/Erth      0%         N/A       100%        2
 Poisonous Vapours        Pois/Air       0%         N/A       100%        2
 Static Discharge         Conj/Air       0%         3-3/arc   100%        2
 Conjure Flame            Conj/Fire      0%         6-21      100%        3
 Ignite Poison            Fire/Tmut/Pois 0%         N/A       100%        3
 Mephitic Cloud           Conj/Pois/Air  0%         N/A       100%        3
 Swiftness                Air            0%         N/A       100%        3
 Anguish                  Hex/Necr       0%         N/A       100%        4
 Animate Armour           Summ/Erth      0%         N/A       100%        4
 Dispel Undead            Necr           0%         3d6       100%        4
 Olgreb's Toxic Radiance  Pois           0%         N/A       100%        4
 Sticky Flame             Conj/Fire      0%         2d3       100%        4
 Blade Hands              Tmut           0%         N/A       100%        5
 Iron Shot                Conj/Erth      0%         9d1       100%        6
 Enfeeble                 Hex            0%         N/A       100%        7


Dungeon Overview and Level Annotations

Branches:
Dungeon (12/15)            Temple (1/1) D:6            Lair (5/5) D:10
 Shoals (0/4) Lair:2        Snake (0/4) Lair:2        Slime (0/5) Lair:4
    Orc (0/2) D:12

Altars:
Ashenzari
Cheibriados
Dithmenos
Elyvilon
Fedhas
Gozag
Hepliaklqana
Kikubaaqudgha
Makhleb
Nemelex Xobeh
Okawaru
Qazlal
Ru
Sif Muna
Trog
Uskayaw
Vehumet
Wu Jian
Xom
Yredelemnul
Zin
The Shining One

Portals:
Abyss: Lair:2

Annotations:
D:6 Prince Ribbit
D:7 3 runed translucent doors, hawla's ghost, novice MeFE
D:12 2 runed translucent doors
Lair:2 2 transporters, Cheops's ghost, journeyman MiFi


Innate Abilities, Weirdness & Mutations

You have a pair of horns on your head.
You reflexively headbutt those who attack you in melee.


Message History

The 15-headed hydra bites you but does no damage.
The 15-headed hydra bites you.
* * * LOW HITPOINT WARNING * * *
The 15-headed hydra barely misses you. You block the 15-headed hydra's attack.
The 15-headed hydra bites you but does no damage. x2
You block the 15-headed hydra's attack. The 15-headed hydra barely misses you.
The 15-headed hydra bites you but does no damage.
The 15-headed hydra closely misses you.
The 15-headed hydra bites you but does no damage.
The tengu warrior hits you but does no damage.
The tengu warrior barely misses you. The tengu warrior closely misses you.
The cyclops throws a large rock.
The large rock closely misses the manticore.
The large rock hits you!
* * * LOW HITPOINT WARNING * * *
As you read the scroll of teleportation, it crumbles to dust.
You feel strangely unstable.
You flicker back into view.
The manticore bites you but does no damage.
The manticore claws you but does no damage. x2
You block the 15-headed hydra's attack.
The 15-headed hydra bites you but does no damage.
You block the 15-headed hydra's attack. The 15-headed hydra closely misses you.
The 15-headed hydra bites you but does no damage. x2
You block the 15-headed hydra's attack. The 15-headed hydra bites you.
* * * LOW HITPOINT WARNING * * *
The 15-headed hydra bites you.
* * * LOW HITPOINT WARNING * * *
The 15-headed hydra bites you.
* * * LOW HITPOINT WARNING * * *
The 15-headed hydra bites you.
* * * LOW HITPOINT WARNING * * *
The 15-headed hydra barely misses you. You block the 15-headed hydra's attack.
The 15-headed hydra bites you but does no damage.
The 15-headed hydra barely misses you.
The tengu warrior hits you with a +0 battleaxe!
* * * LOW HITPOINT WARNING * * *
The tengu warrior pecks you.
You die...
Your body crumbles into a pile of gold.

#.# #.#
#.##..#.+..+.##....###.#
##.# #.#
#.##.##.#[.#####(....<.#
...###.###.#..#.#####
#..##.###
...........#.##.
##.##.###
#####..###...#..
#....##. #.## #..##.##
## ##...##. #.#
#..#.#..#C# #..#... #.#
##.##.#.#D## ##.#.#. #.#
#..#.#.#@#.# #.....
#.###.##.#.#HQ# ##..#.
#.##..#.#.#$#C....#
#....
#.##.##.#.#.#.#.#.#
##.#. #.##.#.#.#.#.#...#
#.#. #.##.#.#.#?#$#...#
#.#. #.....############
.. #.##......... ## #
####...##.


You could see a 15-headed hydra (drained), a tengu warrior, a manticore and 2
cyclopes.

Vanquished Creatures
  A fire dragon (Lair:5)
  A boulder beetle (Lair:5)
  4 hydras
  A centaur warrior (D:11)
  A two-headed ogre (D:12)
  An orc knight (D:12)
  A necromancer (Lair:3)
  2 ugly things
  3 cyclopes
  4 elephants (Lair:4)
  A black mamba (Lair:2)
  A torpor snail (Lair:5)
  3 rime drakes
  7 cane toads
  A smoke demon (D:10)
  2 gargoyles
  16 komodo dragons
  An unseen horror (D:12)
  5 trolls
  10 polar bears
  A hornet (D:12)
  2 raiju (Lair:5)
  8 slime creatures
  4 blink frogs (Lair:5)
  Sigmund (D:5)
  2 shadows (D:10)
  6 wyverns
  3 wraiths
  54 yaks
  5 basilisks
  5 steam dragons
  A vampire mosquito (D:12)
  5 acid dragons
  13 water moccasins
  A swamp worm (D:9)
  4 wargs (Lair:5)
  15 hell hounds (Lair:5)
  3 ice beasts
  A swamp drake (Lair:5)
  2 orc warriors (D:9)
  15 black bears
  2 sky beasts (D:8)
  3 ogres
  5 centaurs
  30 wolves
  A phantom (D:4)
  5 kobold brigands
  7 bullfrogs
  A gnoll sergeant (D:7)
  A necrophage (D:4)
  4 scorpions
  8 wights
  13 killer bees
  An electric eel (Lair:3)
  4 howler monkeys
  6 hounds
  A jelly (D:8)
  3 orc priests
  5 orc wizards
  Natasha (thrice) (D:2)
  8 iguanas
  2 polar bear simulacra (Lair:3)
  2 yak simulacra (Lair:3)
  4 wolf simulacra (Lair:3)
  Robin (D:2)
  8 gnolls
  3 river rats (D:6)
  3 adders
  A shadow imp (D:7)
  A white imp (D:4)
  An ufetubus (D:6)
  2 worms
  A dart slug (D:4)
  26 orcs
  4 ball pythons
  4 endoplasms
  4 giant cockroaches
  20 goblins
  9 hobgoblins
  4 jackals (D:1)
  30 kobolds
  9 quokkas
  3 bats
  2 frilled lizards
  13 rats
  3 river rat simulacra (Lair:3)
488 creatures vanquished.

Vanquished Creatures (collateral kills)
  A swamp dragon (Lair:5)
  A polar bear (Lair:5)
  2 yaks (Lair:5)
4 creatures vanquished.

Vanquished Creatures (others)
  A hydra (D:12)
  A vampire mosquito (D:12)
  A swamp worm (D:9)
  An ufetubus (D:7)
  A bush (D:10)
  25 fungi
  67 plants
97 creatures vanquished.

Grand Total: 589 creatures vanquished

Notes
Turn   | Place    | Note
-------+----------+-------------------------------------------
     0 | D:1      | retardedninja the Minotaur Fighter began the quest for the
                  | Orb.
     0 | D:1      | Reached XP level 1. HP: 19/19 MP: 0/0
    66 | D:1      | Reached XP level 2. HP: 17/27 MP: 1/1
   830 | D:1      | Reached XP level 3. HP: 17/33 MP: 2/2
  1208 | D:2      | Reached XP level 4. HP: 6/40 MP: 3/3
  1871 | D:2      | Noticed Natasha
  1875 | D:2      | Killed Natasha
  1990 | D:2      | Found a sparkling altar of Nemelex Xobeh.
  1994 | D:2      | Noticed Natasha
  2004 | D:2      | Killed Natasha
  2023 | D:2      | Noticed Natasha
  2032 | D:2      | Killed Natasha
  2033 | D:2      | Reached XP level 5. HP: 27/47 MP: 4/4
  2187 | D:2      | Reached skill level 5 in Long Blades
  2349 | D:2      | Noticed Robin
  2821 | D:2      | Killed Robin
  3887 | D:3      | Found a faded altar of an unknown god.
  3992 | D:4      | You fall into a shaft and drop 3 floors!
  3993 | D:7      | Identified 2 scrolls of acquirement
  3993 | D:7      | Acquired 317 gold pieces
  3995 | D:7      | Acquired a +1 tower shield of cold resistance
  4027 | D:6      | Noticed a black bear
  4037 | D:6      | Killed a black bear
  4038 | D:6      | Reached skill level 5 in Armour
  4038 | D:6      | Reached XP level 6. HP: 37/53 MP: 5/5
  4342 | D:6      | Found a hide-covered altar of Uskayaw.
  4342 | D:6      | Found a shadowy altar of Dithmenos.
  4419 | D:6      | Reached XP level 7. HP: 24/60 MP: 6/6
  5477 | D:6      | Reached skill level 1 in Dodging
  5477 | D:6      | Reached skill level 5 in Shields
  5759 | D:6      | Noticed Prince Ribbit
  5763 | D:5      | Entered Level 5 of the Dungeon
  5802 | D:5      | Identified the +6 long sword of Lolacotypp {drain, Dex+5}
  6001 | D:5      | Noticed Sigmund
  6008 | D:5      | Killed Sigmund
  6009 | D:5      | Reached skill level 5 in Fighting
  6009 | D:5      | Reached XP level 8. HP: 68/68 MP: 7/7
  6018 | D:5      | Identified the +9 sling of the Girdle {speed, rF+}
  7048 | D:4      | Found a blossoming altar of Fedhas.
  7120 | D:5      | Reached skill level 10 in Long Blades
  7521 | D:6      | Found a staircase to the Ecumenical Temple.
  7542 | Temple   | Entered the Ecumenical Temple
  7548 | Temple   | Became a worshipper of Gozag Ym Sagoz the Greedy
  7891 | D:7      | Noticed hawla's ghost (novice MeFE)
  7894 | D:7      | Found a runed translucent gate.
  7894 | D:7      | Found a runed translucent gate.
  7894 | D:7      | Found a runed translucent gate.
  7894 | D:7      | Noticed a cyclops
  7901 | D:7      | Noticed a kobold demonologist
  8060 | D:7      | Found a glowing golden altar of the Shining One.
  8060 | D:7      | Found a radiant altar of Vehumet.
  8222 | D:7      | Reached XP level 9. HP: 74/74 MP: 8/8
  8472 | D:7      | Identified the ring "Feubosui" {rCorr Int+5}
  9843 | D:8      | Reached XP level 10. HP: 62/84 MP: 9/9
 11576 | D:9      | Found a sparkling altar of Nemelex Xobeh.
 11783 | D:9      | Identified the +1 leather armour of Pantheism {Harm rC-
                  | rN+++ Str+4}
 11822 | D:10     | Entered Level 10 of the Dungeon
 11858 | D:9      | Reached skill level 10 in Shields
 12265 | D:10     | Found a staircase to the Lair.
 12319 | D:10     | Reached XP level 11. HP: 59/92 MP: 10/10
 12331 | D:10     | Reached skill level 1 in Stealth
 12586 | D:10     | Found a burning altar of Makhleb.
 14011 | Lair:1   | Entered Level 1 of the Lair of Beasts
 14222 | Lair:1   | Reached skill level 15 in Long Blades
 14486 | Lair:1   | Reached skill level 10 in Armour
 15362 | Lair:2   | Noticed a rakshasa
 15370 | Lair:2   | Noticed a white ugly thing
 15371 | Lair:2   | Found a transporter.
 15374 | Lair:2   | Noticed a white ugly thing
 15374 | Lair:2   | Noticed a spriggan rider
 15377 | Lair:2   | Identified the ring "Rawuorch" {AC+4 Dex+5}
 15380 | Lair:2   | Noticed a rakshasa
 15408 | Lair:2   | Found a transporter.
 15410 | Lair:2   | Noticed a sun demon
 15417 | Lair:2   | Noticed Cheops's ghost (journeyman MiFi)
 15418 | Lair:2   | Found a one-way gate to the infinite horrors of the Abyss.
 15426 | Lair:2   | Found a staircase to the Snake Pit.
 15520 | Lair:2   | Reached XP level 12. HP: 86/104 MP: 11/11
 15663 | Lair:2   | Found a staircase to the Shoals.
 16425 | Lair:3   | Noticed a seven-headed hydra
 16439 | Lair:3   | Killed a 17-headed hydra
 17634 | Lair:3   | Identified the +9 dagger of Focus {vorpal, rF+}
 18638 | Lair:4   | Found a staircase to the Slime Pits.
 18840 | Lair:5   | Entered Level 5 of the Lair of Beasts
 18858 | Lair:5   | Reached skill level 10 in Fighting
 18969 | Lair:5   | Noticed an eight-headed hydra
 18978 | Lair:5   | Killed a 13-headed hydra
 19606 | Lair:5   | Reached XP level 13. HP: 69/114 MP: 12/12
 20607 | Lair:5   | Reached skill level 15 in Shields
 21829 | Lair:5   | Noticed a fire dragon
 21848 | Lair:5   | Killed a fire dragon
 22984 | Lair:5   | Identified the +1 plate armour of the Louse {SInv}
 22997 | Lair:5   | Identified the +2 scale mail of Gallantry {rC+ Regen+ Int+3
                  | Dex-5}
 23477 | D:11     | Found a hide-covered altar of Uskayaw.
 24539 | D:12     | Found a staircase to the Orcish Mines.
 24718 | D:12     | Reached XP level 14. HP: 116/124 MP: 13/13
 24859 | D:12     | Found a runed translucent door.
 24859 | D:12     | Found a runed translucent door.
 24962 | D:12     | Identified the ring of the Neverending Dances {rCorr Dex+4}
 25005 | D:12     | HP: 1/124 [tengu warrior/+0 battleaxe (11)]
 25005 | D:12     | Slain by a tengu warrior

Illustrated notes

Levels and vault maps discovered:
D:1:      enne_arrival_octagon_isle, layout_loops_cross
D:2:      layout_basic, basic_altar, uniq_natasha, uniq_robin
D:3:      layout_loops_cross, shapermc_ecumenical_altar_mp_vishouse,
          serial_rivers, chequers_serial_rivers_micro_c,
          chequers_serial_rivers_large_b, chequers_serial_rivers_micro_e,
          chequers_serial_rivers_micro_b
D:4:      layout_basic, fedhas_altar_2
D:5:      layout_gridville, uniq_sigmund
D:6:      layout_loops_ring, chequers_temple_overflow_statue_of_worship,
          minmay_temple_entry_glass, portal_sewer_entry_e, uniq_prince_ribbit1
D:7:      layout_cave_pods, gammafunk_temple_overflow_statue,
          gammafunk_ghost_split, minmay_checkerbox
D:8:      layout_loops_ring
D:9:      layout_cave_pools, nicolae_overflow_hidden_temple, worms_lemuel
D:10:     layout_irregular_city, demons_altar, minmay_lair_entry_grove
D:11:     layout_loops_ring, nicolae_uskayaw_en_pointe
D:12:     minmay_the_grid_triangle_9x9_recursive_2_mashed
          [minmay_the_grid_triangle_9x9_prize_special,
          minmay_the_grid_triangle_9x9_stretched_checkered,
          minmay_the_grid_triangle_9x9_thin_v,
          minmay_the_grid_triangle_9x9_tough_junction], layout_loops_ring,
          orc_0_dummy, nicolae_trove_entry_diagonal
Temple:   hellmonk_temple_of_storms
Lair:1:   layout_regular_city
Lair:2:   layout_regular_city, shoals_dummy_entry, guppyfry_snake_entry_island,
          gammafunk_ghost_abyssal_escape, minmay_lindwurm_lava
Lair:3:   layout_cave_shapes, eino_house_with_fridge, serial_bayou_shore_a
Lair:4:   layout_roguey, slime_entry_1, grunt_megastairs_5
Lair:5:   hangedman_lair_caniforms_friends, layout_long_grid,
          guppyfry_lair_end_dragon, st_stairs_10

Skill      XL: |  1  2  3  4  5  6  7  8  9 10 11 12 13 14 |
---------------+-------------------------------------------+-----
Fighting       | 4 5 6 7 9 10 11 | 11.5
Armour         | 4 5 6 7 9 10 11 13 | 13.1
Long Blades    | 3 4 5 6 8 10 12 14 15 16 17 | 17.4
Shields        | 4 5 6 8 10 12 14 16 17 | 17.0
Dodging        | 1 |  1.0
Stealth        | 2 3 |  3.4

Action                   |  1- 3 |  4- 6 |  7- 9 | 10-12 | 13-15 || total
-------------------------+-------+-------+-------+-------+-------++-------
Melee: Long sword        |    63 |   156 |   280 |   714 |   542 ||  1755
       Headbutt          |     6 |    18 |    49 |   172 |   150 ||   395
Invok: Potion Petition   |       |       |       |     1 |     3 ||     4
Evoke: Wand              |       |       |       |     2 |       ||     2
  Use: Potion            |     2 |       |     1 |    13 |     6 ||    22
       Scroll            |       |     2 |    10 |    14 |    11 ||    37
 Stab: Distracted        |       |       |     1 |       |     3 ||     4
       Invisible         |       |       |       |     9 |    19 ||    28
       Confused          |       |       |       |       |     1 ||     1
Armor: Scale mail        |    34 |    43 |       |       |       ||    77
       Plate armour      |       |    68 |   163 |   414 |   439 ||  1084
Dodge: Dodged            |    66 |    60 |    29 |   116 |   157 ||   428
Block: Buckler           |    22 |    27 |       |       |       ||    49
       Tower shield      |       |    56 |   243 |   737 |   671 ||  1707
